 Dungeon Sprint DCSS version 0.27-a0-103-g6cd7b45605 (webtiles) character file.

Game seed: 10712726641448944789

116 mhtbhm the Martial Artist (level 5, 0/55 HPs)
             Began as a Merfolk Transmuter on Jan 24, 2021.
             Slain by an adder (3 damage)
             ... in the Dungeon (Sprint IX: "|||||||||||||||||||||||||||||").
             The game lasted 00:00:24 (237 turns).

mhtbhm the Martial Artist (Merfolk Transmuter)       Turns: 237, Time: 00:00:25

Health: 0/55       AC:  2    Str: 12    XL:     5   Next: 1%
Magic:  3/11       EV: 15    Int: 12    God:
Gold:   0          SH:  0    Dex: 14    Spells: 9/12 levels left

rFire    . . .     SeeInvis .     - Unarmed
rCold    . . .     Faith    .   (no shield)
rNeg     . . .     Spirit   .   a - +0 robe
rPois    .         Reflect  .   (helmet currently unavailable)
rElec    .         Harm     .   (no cloak)
rCorr    .         Rampage  .   (no gloves)
Will     .....     NoTele   +   (boots currently unavailable)
Stlth    ..........             (no amulet)
HPRegen  0.18/turn              (no ring)
MPRegen  0.12/turn              (no ring)

@: berserking, appendages (expiring), wereblooded, very quick
A: change form in water, swift swim, stealthy swim, horns 2
a: End Transformation


You were in the Dungeon.
You had grown temporary horns.
You visited 1 branch

Inventory:

Armour
 a - a +0 robe (worn)
Scrolls
 h - a scroll of blinking
Potions
 c - a potion of curing
 d - a potion of heal wounds
 e - a potion of haste
 f - 2 potions of magic


   Skills:
 + Level 1.5 Fighting
 + Level 5.8 Dodging
 + Level 8.0 Unarmed Combat
 + Level 4.0 Spellcasting
 + Level 5.2 Transmutations


You had 9 spell levels left.
You knew the following spells:

 Your Spells              Type           Power        Failure   Level
a - Beastly Appendage     Tmut           28%          2%          1
b - Wereblood             Tmut           14%          4%          2

Your spell library contained the following spells:

 Spells                   Type           Power        Failure   Level
 Spider Form              Tmut/Pois      4%           22%         3
 Ice Form                 Ice/Tmut       8%           58%         4
 Blade Hands              Tmut           7%           58%         5


Dungeon Overview and Level Annotations

Branches:
Dungeon (1/1)

Altars:


Innate Abilities, Weirdness & Mutations

You revert to your normal form in water.
You are very nimble and swift while swimming.
You are very stealthy in the water. (Stealth+)
You have a pair of horns on your head.


Message History

* * * LOW HITPOINT WARNING * * *
You miss the sky beast.
The sky beast is severely wounded.
The sky beast closely misses you.
You barely miss the sky beast. You headbutt the sky beast!
You kill the sky beast!
Your Dodging skill increases to level 5!
Your Unarmed Combat skill gained 3 levels and is now at level 8!
Your Spellcasting skill gained 2 levels and is now at level 4!
Your Transmutations skill gained 2 levels and is now at level 5!
You have reached level 4!
You have reached level 5!
You feel stronger.
You punch the adder!
The adder is almost dead.
The adder completely misses you.
You closely miss the adder. Your headbutt misses the adder.
The adder is almost dead.
The adder bites you.
You die...

▓.▓
▓.▓
▓)▓
▓.▓
▓.▓
▓.▓
▓.▓
▓.▓
▓@▓
▓S▓
▓5▓
▓Z▓
▓.▓
▓.▓
▓+▓


You could see an adder, an ufetubus and a bat skeleton.

Vanquished Creatures
  A sky beast (D)
  2 gnolls (D)
  A goblin (D)
  A jackal (D)
  A bat (D)
  A kobold (D)
7 creatures vanquished.

Notes
Turn   | Place    | Note
-------+----------+-------------------------------------------
     0 | D        | mhtbhm the Merfolk Transmuter began the quest for the Orb.
     0 | D        | Reached XP level 1. HP: 15/15 MP: 3/3
    17 | D        | Reached skill level 4 in Unarmed Combat
    17 | D        | Reached XP level 2. HP: 12/21 MP: 3/5
   219 | D        | Learned a level 2 spell: Wereblood
   222 | D        | Noticed a sky beast
   228 | D        | Reached skill level 5 in Unarmed Combat
   228 | D        | Reached XP level 3. HP: 22/26 MP: 2/7
   233 | D        | HP: 1/39 [sky beast (6)]
   235 | D        | Killed a sky beast
   236 | D        | Reached skill level 5 in Dodging
   236 | D        | Reached skill level 8 in Unarmed Combat
   236 | D        | Reached skill level 5 in Transmutations
   236 | D        | Reached XP level 4. HP: 2/32 MP: 3/10
   236 | D        | Reached XP level 5. HP: 2/37 MP: 3/11
   237 | D        | Slain by an adder

Illustrated notes

Levels and vault maps discovered:
D:        linesprint [early_d, line_temple, items_1, d_10, items_2, lair_1,
          lair_end, items_3, orc_1, orc_end, items_4, d_15, swamp_1, shoals_1,
          snake_1, spider_1, d_20, vaults_1, items_5, swamp_end, shoals_end,
          snake_end, spider_end, vaults_end, d_27, items_6, zot_1, zot_end,
          crypt_end, forest_end, elf_end, slime_end, tomb_end, abyss_end,
          pan_hell_end]

Skill      XL: |  1  2  3 |
---------------+----------+-----
Dodging        | 4 5 |  5.8
Unarmed Combat | 4 5 8 |  8.0
Transmutations | 3 5 |  5.2
Spellcasting   | 4 |  4.0
Fighting       | |  1.5

Action                   |  1- 3 |  4- 6 || total
-------------------------+-------+-------++-------
Melee: Unarmed           |    30 |     2 ||    32
       Headbutt          |     4 |       ||     4
       Punch             |     1 |       ||     1
 Cast: Beastly Appendage |     3 |       ||     3
       Wereblood         |     1 |       ||     1
  Use: Potion            |     1 |       ||     1
Armor: Robe              |     2 |       ||     2
Dodge: Dodged            |    15 |     1 ||    16

Table legend: (Time is in decaauts)
 A = Elapsed time spent in this place.
 B = Non-inter-level travel time spent in this place.
 C = Inter-level travel time spent in this place.
 D = Time resting spent in this place.
 E = Time spent auto-exploring this place.
 F = Levels seen in this place.
 G = Mean time per level.
                   A        B        C        D        E       F      G
               +--------+--------+--------+--------+--------+-----+--------+
         Total |    232 |    232 |      0 |    186 |      0 |   1 |  232.0 |
       Dungeon |    232 |    232 |      0 |    186 |      0 |   1 |  232.0 |
               +--------+--------+--------+--------+--------+-----+--------+

Top non-repeatable levels by time:
       D: 232 daAuts
